 Dungeon Crawl Stone Soup version 0.31-a0-986-g5e6e4ef867 (webtiles) character file.

Game seed: 5662301281279651607

563 strifetoe the Spear-Bearer (level 7, -3/57 HPs)
             Began as a Minotaur Monk on Nov 18, 2023.
             Was an Initiate of Gozag.
             Slain by an orc warrior
             ... wielding a +0 hand axe
              (10 damage)
             ... on level 4 of the Dungeon.
             The game lasted 00:04:27 (3160 turns).

strifetoe the Spear-Bearer (Minotaur Monk)          Turns: 3160, Time: 00:04:28

Health: -3/57      AC:  9    Str: 16    XL:     7   Next: 10%
Magic:  6/6        EV: 11    Int: 11    God:    Gozag
Gold:   370        SH:  0    Dex: 12    Spells: 6/6 levels left

rFire   . . .        a - +0 hand axe
rCold   . . .        d - orb {light}
rNeg    . . .        f - +0 ring mail
rPois   .            (helmet restricted)
rElec   .            (no cloak)
rCorr   .            (no gloves)
SInv    .            (no boots)
Will    .....        (no amulet)
Stlth   +            o - +4 ring of protection
HPRegen 0.29/turn    (no ring)
MPRegen 0.10/turn

%: no passive effects
@: gold aura, glowing
A: horns 2, retaliatory headbutt, clever 1, inability to read after injury 1
a: Renounce Religion, Potion Petition, Call Merchant, Bribe Branch


You were on level 4 of the Dungeon.
You worshipped Gozag.
Gozag was aware of your devotion.
You visited 1 branch of the dungeon, and saw 4 of its levels.

You collected 810 gold pieces.
You spent 440 gold pieces at shops.

Inventory:

Hand Weapons
 a - a +0 hand axe (weapon)
 l - the +5 scythe "Finisher" {speed, execute}
   (You bought it in a shop on level 1 of the Dungeon)
Armour
 b - a +0 robe
 d - an orb of light (worn)
 f - a +0 ring mail (worn)
Jewellery
 o - a +4 ring of protection (left hand)
 s - a ring of magical power
Scrolls
 e - a scroll of summoning {unknown}
 g - a scroll of vulnerability {unknown}
 h - a scroll of enchant weapon {unknown}
 i - 3 scrolls of identify {unknown}
 k - a scroll of noise {unknown}
 n - 3 scrolls of teleportation {unknown}
 p - a scroll of revelation {unknown}
 q - a scroll of enchant armour {unknown}
Potions
 c - a potion of ambrosia
 j - 2 potions of lignification {unknown}
 m - a potion of resistance {unknown}
 r - a potion of degeneration {unknown}


   Skills:
 - Level 3.6 Fighting
 - Level 5.1(7.4) Axes
 + Level 8.2(8.9) Polearms
 - Level 3.2 Dodging


You had 6 spell levels left.
You didn't know any spells.
Your spell library contained the following spells:

 Spells                   Type           Power      Damage    Failure   Level
 Cigotuvi's Dreadful Rot  Necr/Pois/Air  0%         N/A       71%         2
 Ignite Poison            Fire/Tmut/Pois 0%         N/A       90%         3
 Animate Armour           Summ/Erth      0%         N/A       100%        4
 Summon Lightning Spire   Summ/Air       0%         N/A       100%        4
 Freezing Cloud           Conj/Ice/Air   0%         6-21      100%        5
 Lee's Rapid Deconstruct  Erth           0%         3d4*      100%        5


Dungeon Overview and Level Annotations

Branches:
Dungeon (4/15)
 Temple: D:4-7

Altars:
Fedhas
Gozag
Kikubaaqudgha
Nemelex Xobeh
Qazlal
Vehumet
Yredelemnul

Shops:
D:1 :*([[

Annotations:
D:1 2 transporters
D:2 1 runed translucent door, Crazy Yiuf


Innate Abilities, Weirdness & Mutations

You have a pair of horns on your head.
You reflexively headbutt those who attack you in melee.
Your mind is acute. (Int +4, Str/Dex -1)
You occasionally lose the ability to read scrolls when taking damage.


Message History

The orc warrior hits you but does no damage.
Unknown command.
The orc hits you but does no damage. The orc warrior closely misses you.
The orc priest hits you but does no damage.
Unknown command.
You hit the orc priest but do no damage.
You barely miss the orc warrior. You hit the orc.
The orc hits you but does no damage.
The orc warrior hits you with a +0 hand axe.
The orc priest calls upon Beogh to heal the orc.
The orc's wounds heal themselves!
You hit the orc warrior.
The orc warrior is heavily wounded.
You hit the orc priest. You hit the ball python.
You kill the ball python!
You hit the orc but do no damage. The orc barely misses you.
The orc warrior hits you with a +0 hand axe!
The orc priest calls upon Beogh to heal the orc warrior.
The orc warrior is healed somewhat.
You slash the orc priest!
The orc priest is almost dead.
You hit the orc warrior but do no damage.
You hit the orc wizard. You hit the orc but do no damage.
The orc wizard hits you with a +0 dagger.
The orc closely misses you.
The orc warrior hits you with a +0 hand axe!
The orc priest invokes the aid of Beogh against you.
Beogh smites you!
* * * LOW HITPOINT WARNING * * *
You hit the orc priest.
You kill the orc priest!
You hit the orc warrior but do no damage.
You hit the orc wizard. You barely miss the orc.
The orc wizard casts a spell at you. The magic dart hits you!
* * * LOW HITPOINT WARNING * * *
An endoplasm comes into view.
The orc warrior hits you with a +0 hand axe!
You die...
Your body crumbles into a pile of gold.

#..... '.....# #.....
#.....# #.....
#####.....# #.....
..........# #.....
..........# #.....
..........# #.....
......o$$.# #.....
......o@$.# #.....
........o.# #.....
J.[.......##+######.....
#+#####.............####
......'.............'...
......#.............#...
..#####.............###'
#..#.................
##..+.................


You could see an orc warrior, an orc wizard (invisible), an orc and an endoplasm
(wandering).

Vanquished Creatures
  A black bear (D:3)
  2 phantoms (D:4)
  A scorpion (D:4)
  A jelly (D:3)
  An orc priest (D:4)
  Natasha (thrice) (D:2)
  An orc wizard (D:3)
  3 adders
  3 worms
  4 dart slugs
  3 orcs
  7 bats
  17 endoplasms
  2 giant cockroaches (D:1)
  3 goblins
  6 hobgoblins
  4 jackals (D:1)
  4 quokkas
  6 ball pythons
  3 frilled lizards
  14 kobolds
  6 rats
95 creatures vanquished.

Notes
Turn   | Place    | Note
-------+----------+-------------------------------------------
     0 | D:1      | strifetoe the Minotaur Monk began the quest for the Orb.
     0 | D:1      | Reached XP level 1. HP: 19/19 MP: 0/0
    89 | D:1      | Found a faded altar of an unknown god.
   174 | D:1      | Reached XP level 2. HP: 19/26 MP: 1/1
   355 | D:1      | Found a transporter.
   356 | D:1      | Found Terghaysti's Armour Emporium.
   380 | D:1      | Found a transporter.
   439 | D:1      | Reached skill level 5 in Axes
   580 | D:1      | Found Itipnifo's Armour Emporium.
   645 | D:1      | Reached XP level 3. HP: 31/31 MP: 2/2
   660 | D:1      | Found Dutir's Weapon Emporium.
   682 | D:1      | Found Hoseon's Book Boutique.
   733 | D:1      | Found Yntorolo's General Store.
   921 | D:2      | Reached skill level 1 in Polearms
   939 | D:2      | Reached skill level 2 in Polearms
  1063 | D:2      | Found a runed translucent door.
  1064 | D:2      | Noticed Crazy Yiuf
  1131 | D:2      | Reached XP level 4. HP: 39/39 MP: 3/3
  1228 | D:2      | Noticed Natasha
  1239 | D:2      | Killed Natasha
  1240 | D:2      | Reached skill level 3 in Polearms
  1284 | D:2      | Noticed Natasha
  1296 | D:2      | Killed Natasha
  1297 | D:2      | Reached skill level 4 in Polearms
  1435 | D:2      | Noticed Natasha
  1448 | D:2      | Killed Natasha
  1449 | D:2      | Reached XP level 5. HP: 19/45 MP: 4/4
  1689 | D:3      | Found a blossoming altar of Fedhas.
  1741 | D:3      | Noticed a black bear
  1744 | D:3      | Gained mutation: You occasionally lose the ability to read
                  | scrolls when taking damage. [potion of mutation]
  1744 | D:3      | Gained mutation: Your mind is acute. (Int +4, Str/Dex -1)
                  | [potion of mutation]
  1754 | D:3      | Killed a black bear
  1755 | D:3      | Reached skill level 5 in Polearms
  1924 | D:3      | Reached skill level 6 in Polearms
  1999 | D:3      | Found an ancient bone altar of Kikubaaqudgha.
  1999 | D:3      | Found a stormy altar of Qazlal.
  1999 | D:3      | Found a sparkling altar of Nemelex Xobeh.
  1999 | D:3      | Found an opulent altar of Gozag.
  1999 | D:3      | Found a radiant altar of Vehumet.
  1999 | D:3      | Found a basalt altar of Yredelemnul.
  2004 | D:3      | Reached XP level 6. HP: 45/51 MP: 5/5
  2099 | D:3      | Became a worshipper of Gozag Ym Sagoz the Greedy
  2452 | D:3      | Identified a scroll of acquirement
  2452 | D:3      | Acquired 411 gold pieces
  2511 | D:1      | Bought the +5 scythe "Finisher" {speed, execute} for 440
                  | gold pieces
  2511 | D:1      | Found the +5 scythe "Finisher" {speed, execute}
  2581 | D:4      | Reached skill level 7 in Polearms
  2959 | D:4      | Reached skill level 8 in Polearms
  2959 | D:4      | Reached XP level 7. HP: 25/57 MP: 6/6
  3160 | D:4      | Slain by an orc warrior

Illustrated notes

Levels and vault maps discovered:
D:1:      dpeg_arrival_central, layout_basic, shapermc_ecumenical_altar_venn,
          serial_shops, nicolae_shop_drivethru, shop,
          nicolae_shop_hallway_stairs, nicolae_lakefront_shop, shop_statue
D:2:      layout_basic, uniq_crazy_yiuf_cottage, uniq_natasha
D:3:      cheibrodos_fertilizer, layout_basic, mainiacjoe_overflow_catwalk,
          serial_glass, glass_columns_b, glass_columns_a, glass_columns_a,
          glass_columns_b, glass_columns_a, glass_columns_a, glass_columns_a,
          glass_columns_b, glass_columns_a, glass_columns_a
D:4:      layout_gridville, serial_shops, shop

Skill      XL: |  1  2  3  4  5  6 |
---------------+-------------------+-----
Axes           | 4 5 |  5.1
Polearms       | 2 4 6 8 |  8.2
Fighting       | |  3.6
Dodging        | |  3.2

Action                     |  1- 3 |  4- 6 |  7- 9 || total
---------------------------+-------+-------+-------++-------
  Melee: Hand axe          |    74 |   136 |     8 ||   218
         Headbutt          |    15 |    22 |     2 ||    39
    Use: Potion            |       |     3 |       ||     3
         Scroll            |       |     2 |       ||     2
 Armour: Robe              |     8 |       |       ||     8
         Ring mail         |    32 |    92 |    14 ||   138
  Dodge: Dodged            |    40 |    60 |     6 ||   106

Table legend: (Time is in decaauts)
 A = Elapsed time spent in this place.
 B = Non-inter-level travel time spent in this place.
 C = Inter-level travel time spent in this place.
 D = Time resting spent in this place.
 E = Time spent auto-exploring this place.
 F = Levels seen in this place.
 G = Mean time per level.
                   A        B        C        D        E       F      G
               +--------+--------+--------+--------+--------+-----+--------+
         Total |   3189 |   2992 |    197 |    219 |   2274 |   4 |  797.2 |
       Dungeon |   3189 |   2992 |    197 |    219 |   2274 |   4 |  797.2 |
               +--------+--------+--------+--------+--------+-----+--------+

Top non-repeatable levels by time:
     D:1: 982 daAuts
     D:3: 882 daAuts
     D:2: 726 daAuts
     D:4: 597 daAuts
